Match 47355734
Unlisted

Match 47355734
End
Panzerpioneer Squad
Selects Italian Infantry
250 Light Carrier
250 Light Carrier
Construct Light Support Kompanie
Panzerpioneer Squad
Selects Defensive Operations
Combat Half-tracks
Construct Mechanized Kompanie
Support Armor Elements
Pak 38 Mechanized Group
18-tonne Recovery Half-track
Selects Prepared Positions
Construct Panzerarmee Kommand
Emergency Repair Kits
Walking Stuka Rocket Launcher
Walking Stuka Rocket Launcher
Pak 38 Mechanized Group
Armored Reserves
Rapid Advance
youngmen
Yule
Gear-IV-D
samurai.g
Carecup
코카콜라제로
FARM7D
GigaFrog
0
0

Comments sign in to comment!

No comments posted yet!